 Dungeon Crawl Stone Soup version 0.27.1 (webtiles) character file.

Game seed: 11685403090378745096

42 Sabo the Slasher (level 3, -1/27 HPs)
             Began as a Demonspawn Gladiator on Aug 22, 2021.
             Was a Follower of Dithmenos.
             Slain by a gnoll (4 damage)
             ... on level 3 of the Dungeon.
             The game lasted 00:08:48 (2027 turns).

Sabo the Slasher (Demonspawn Gladiator)             Turns: 2027, Time: 00:08:50

Health: -1/27      AC:  7    Str: 15    XL:     3   Next: 35%
Magic:  3/3        EV: 10    Int:  9    God:    Dithmenos [*.....]
Gold:   133        SH:  4    Dex: 14    Spells: 2/2 levels left

rFire    . . .     SeeInvis .   a - +0 long sword
rCold    . . .     Faith    +   (no shield)
rNeg     . . .     Spirit   .   g - +0 scale mail
rPois    .         Reflect  .   c - +0 helmet
rElec    .         Harm     .   (no cloak)
rCorr    .         Rampage  .   (no gloves)
Will     .....                  (no boots)
Stlth    ..........             p - amulet of faith
HPRegen  0.09/turn              (no ring)
MPRegen  0.08/turn              (no ring)

@: wreathed by umbra
A: large bone plates 1
a: Renounce Religion


You were on level 3 of the Dungeon.
You worshipped Dithmenos.
Dithmenos was aware of your devotion.
You visited 1 branch of the dungeon, and saw 3 of its levels.

You collected 133 gold pieces.

Inventory:

Hand Weapons
 a - a +0 long sword (weapon)
 h - a +0 hunting sling
 j - a +0 dagger of venom
Missiles
 d - 3 throwing nets (quivered)
 k - 14 sling bullets
 m - 14 poisoned darts
 n - 17 arrows
Armour
 c - a +0 helmet (worn)
 g - a +0 scale mail (worn)
Jewellery
 p - an amulet of faith (around neck)
Scrolls
 e - a scroll of vulnerability {unknown}
 f - a scroll of teleportation
 o - a scroll of fear {unknown}
Potions
 i - a potion of cancellation {unknown}
 l - a potion of attraction {unknown}


   Skills:
 + Level 2.2 Fighting
 + Level 3.3 Long Blades
 + Level 2.0 Throwing
 + Level 1.0 Armour
 + Level 2.9 Dodging
 + Level 0.2 Stealth


You had 2 spell levels left.
You didn't know any spells.
Your spell library was empty.

Dungeon Overview and Level Annotations

Branches:
Dungeon (3/15)

Altars:
Dithmenos
Nemelex Xobeh


Innate Abilities, Weirdness & Mutations

You are partially covered in large bone plates. (SH +4)


Message History

The rat is severely wounded.
The rat barely misses you.
You riposte.
You hit the rat.
You kill the rat!
Dithmenos accepts your kill.
You see here a rat corpse.
You start resting.
A gnoll comes into view. It is wielding a +0 spear.
The gnoll shouts!
A gnoll comes into view. It is wielding a +0 halberd.
The gnoll shouts!
The gnoll hits you from afar with a +0 halberd!
A gnoll comes into view. It is wielding a +0 club.
The gnoll shouts!
You block the gnoll's attack. The gnoll barely misses you.
You hit the gnoll.
The gnoll is heavily wounded.
The gnoll hits you with a +0 spear. The gnoll barely misses you.
The gnoll closely misses you.
You riposte.
You hit the gnoll but do no damage. You barely miss the gnoll.
The gnoll is heavily wounded.
The gnoll hits you with a +0 halberd.
* * * LOW HITPOINT WARNING * * *
The gnoll hits you with a +0 spear.
* * * LOW HITPOINT WARNING * * *
You barely miss the gnoll.
The gnoll is heavily wounded.
The gnoll closely misses you. The gnoll barely misses you.
The gnoll closely misses you.
You riposte.
You completely miss the gnoll.
The gnoll is heavily wounded.
Okay, then.
You barely miss the gnoll.
The gnoll is heavily wounded.
The gnoll misses you. The gnoll hits you but does no damage.
You closely miss the gnoll.
The gnoll is heavily wounded.
The gnoll hits you but does no damage. The gnoll barely misses you.
You riposte.
You slash the gnoll!
The gnoll is heavily wounded.
The gnoll hits you with a +0 halberd.
You die...

##......# ##.....#
........# #......#
........## #......#
......#..####......########
#.....##.##................
#.....##..#................
'.........†......>.........
#....####.#......g.†.......
................@..........
....#####.......gg.........
. ....................
....................#
......................
......................
..................
.........##....


You could see 3 gnolls.

Vanquished Creatures
  2 adders (D:2)
  2 endoplasms (D:1)
  2 giant cockroaches
  4 goblins
  4 kobolds (D:1)
  A quokka (D:2)
  5 ball pythons (D:1)
  A bat (D:3)
  2 frilled lizards (D:1)
  2 rats
25 creatures vanquished.

Notes
Turn   | Place    | Note
-------+----------+-------------------------------------------
     0 | D:1      | Sabo the Demonspawn Gladiator began the quest for the Orb.
     0 | D:1      | Reached XP level 1. HP: 16/16 MP: 1/1
   210 | D:1      | Found a faded altar of an unknown god.
   359 | D:1      | Became a worshipper of Dithmenos the Shadowed
   359 | D:1      | Reached * piety under Dithmenos
   500 | D:1      | Gained mutation: You are partially covered in large bone
                  | plates. (SH +4) [demonic ancestry]
   500 | D:1      | Reached XP level 2. HP: 22/22 MP: 2/2
   542 | D:1      | Reached skill level 3 in Long Blades
  1484 | D:2      | Found a sparkling altar of Nemelex Xobeh.
  1558 | D:2      | Reached XP level 3. HP: 27/27 MP: 3/3
  1774 | D:2      | Reached skill level 1 in Armour
  2027 | D:3      | Slain by a gnoll

Illustrated notes

Levels and vault maps discovered:
D:1:      elethiomel_arrival_maze, layout_basic,
          hellmonk_ecumenical_altar_pennies_from_heaven
D:2:      layout_rooms, basic_altar, dk_noncrumbling_3
D:3:      layout_basic, mainiacjoe_overflow_brackets,
          mainiacjoe_overflow_alcove_2

Skill      XL: |  1  2  3 |
---------------+----------+-----
Throwing       | 2 |  2.0
Long Blades    | 3 |  3.3
Armour         | 1 |  1.0
Fighting       | |  2.2
Dodging        | |  2.9
Stealth        | |  0.2

Action                   || total
-------------------------++-------
Melee: Long sword        ||    66
  Use: Scroll            ||     2
Armor: Leather armour    ||    17
       Scale mail        ||     3
Dodge: Dodged            ||    57
Block: Other             ||    11
       Rpst.: Long sword ||    13
